 Dungeon Crawl Stone Soup version 0.29.1-2-gbd0b4ee654 (webtiles) character file.

Game seed: 10558106571431276691

809 Raikaria the Vexing (level 7, 0/51 HPs)
             Began as a Demonspawn Enchanter on Nov 7, 2022.
             Slain by a gnoll
             ... wielding a +0 halberd of venom
              (5 damage)
             ... on level 4 of the Dungeon.
             The game lasted 00:10:10 (5444 turns).

Raikaria the Vexing (Demonspawn Enchanter)          Turns: 5444, Time: 00:10:10

Health: 0/51       AC:  3    Str:  9    XL:     7   Next: 61%
Magic:  13/13      EV: 10    Int: 18    God:
Gold:   227        SH:  0    Dex: 15    Spells: 11/14 levels left

rFire   . . .      SeeInvis .   f - +1 dagger (venom)
rCold   . . .      Faith    .   (no shield)
rNeg    . . .      Spirit   .   b - +0 robe
rPois   .          Reflect  .   (helmet restricted)
rElec   .          Harm     .   (no cloak)
rCorr   .          Rampage  .   (no gloves)
Will    .....                   m - +0 pair of boots
Stlth   ++........              (no amulet)
HPRegen 0.17/turn               k - +4 ring of evasion
MPRegen 0.13/turn               (no ring)

@: lethally poisoned (0 -> -7), held
A: horns 1, demonic guardian 2, big brain 1
a: no special abilities


You were on level 4 of the Dungeon.
You visited 1 branch of the dungeon, and saw 5 of its levels.

You collected 227 gold pieces.

Inventory:

Hand Weapons
 a - a +1 dagger
 f - a +1 dagger of venom (weapon)
 B - a +2 whip of flaming
Armour
 b - a +0 robe (worn)
 m - a +0 pair of boots (worn)
 p - the +2 tower shield of Anaesthesia {Str+3}
   (You found it on level 3 of the Dungeon)

   Str:       It affects your strength (+3).
Jewellery
 k - a +4 ring of evasion (left hand)
 n - a ring of fire
Wands
 w - a wand of charming (6)
 z - a wand of iceblast (8)
Scrolls
 d - 4 scrolls of identify {unknown}
 e - a scroll of acquirement {unknown}
 h - a scroll of immolation {unknown}
 i - 2 scrolls of silence {unknown}
 j - 2 scrolls of magic mapping {unknown}
 l - a scroll of fog {unknown}
 o - 2 scrolls of vulnerability {unknown}
 s - a scroll of torment {unknown}
 y - a scroll of poison {unknown}
 A - a scroll of amnesia {unknown}
 C - a scroll of brand weapon {unknown}
Potions
 c - 2 potions of invisibility
 g - a potion of resistance {unknown}
 q - 2 potions of berserk rage {unknown}
 r - 3 potions of curing
 t - a potion of mutation {unknown}
 u - a potion of ambrosia {unknown}
 v - a potion of lignification {unknown}
 x - a potion of flight {unknown}


   Skills:
 + Level 2.7 Fighting
 - Level 2.5 Short Blades
 - Level 1.7 Dodging
 - Level 2.6 Stealth
 - Level 1.7 Shields
 + Level 4.2 Spellcasting
 + Level 3.9 Conjurations
 - Level 5.0 Hexes


You had 11 spell levels left.
You knew the following spells:

 Your Spells              Type           Power      Damage    Failure   Level
a - Dazzling Flash        Conj/Hex       38%        N/A       7%          3

Your spell library contained the following spells:

 Spells                   Type           Power      Damage    Failure   Level
 Confusing Touch          Hex            21%        N/A       5%          3
 Tukima's Dance           Hex            21%        N/A       5%          3
 Ensorcelled Hibernation  Hex/Ice        24%        N/A       8%          2
 Conjure Flame            Conj/Fire      10%        6-21      19%         3
 Ignite Poison            Fire/Tmut/Pois 3%         N/A       41%         3
 Sticky Flame             Conj/Fire      10%        2d3       54%         4
 Malign Gateway           Summ/Tloc      1%         N/A       100%        7
 Summon Horrible Things   Summ           1%         N/A       100%        8


Dungeon Overview and Level Annotations

Branches:
Dungeon (5/15)
 Temple: D:4-7

Altars:
Ashenzari
Makhleb
Vehumet

Annotations:
D:4 1 transporter, glosham's ghost, weakling PaHW


Innate Abilities, Weirdness & Mutations

You have a pair of small horns on your head.
A demonic guardian rushes to your aid.
You have an unusually large brain. (Int +2)


Message History

The gnoll completely misses you.
You hit the gnoll but do no damage.
The gnoll is poisoned.
The gnoll throws a throwing net.
The throwing net closely misses you.
The throwing net hits glosham's ghost.
The net passes right through glosham's ghost!
The gnoll misses you.
The gnoll shouts!
You hear a shout!
The gnoll closely misses you. The gnoll misses you.
The gnoll zaps a wand.
Your mind is blasted!
Glosham's ghost misses you. The gnoll misses you.
The gnoll zaps a wand.
The bolt of dispelling energy hits glosham's ghost!
The bolt of dispelling energy hits you!!
* * * LOW HITPOINT WARNING * * *
You hit the gnoll.
The gnoll is lightly wounded.
The gnoll misses you.
Glosham's ghost hits you but does no damage.
The gnoll misses you. x2
The gnoll hits you.
* * * LOW HITPOINT WARNING * * *
A demonic guardian appears!
There is an open translucent door here.
The gnoll throws a throwing net.
The throwing net hits you.
You become entangled in the net!
Your hellwing hits the gnoll. Your hellwing hits the gnoll!
You see here a throwing net.
You struggle against the net.
The gnoll hits you.
* * * LOW HITPOINT WARNING * * *
Your hellwing hits the gnoll!
The gnoll dies!
You struggle against the net.
The gnoll hits you from afar with a +0 halberd of venom.
* * * LOW HITPOINT WARNING * * *
You are lethally poisoned!
Glosham's ghost frowns in concentration.
You struggle against the net.
* * * LOW HITPOINT WARNING * * *
You feel sick.
The gnoll looks more healthy.
The gnoll hits you from afar with a +0 halberd of venom.
You die...

## #.#.≈≈..#.#...#.#..≈≈..##. .#
#)#.≈≈.##.#. #.##.≈≈..<.. .#
#.#.≈≈.#..# #.©#.≈≈.#### .#
#)#.≈≈.##.#####.##.≈≈...# .#
#.#.≈≈..#.#8⌠8#.#.....#.# .#
#.#.~~.©#g(.©.g.#§....#.# .#
#.#.≈≈..#g#...#.#.....#.## .#
#.#.≈≈.##.##g##.##.≈≈..... ##
#.#.≈≈.#4@#W..#..#.≈≈...## #####
#.#.≈≈.##.g.g.'.##.≈≈.#.# ....#
#.#.≈≈..#.#...#.#..≈≈.#.## ###.#
#.#.≈≈###.##'##.###≈≈..... ##.##
#.#.≈≈#g..........#≈≈.#.##
##...###.#.≈≈##.###.###.##≈≈...).
.........#.≈≈#..#8###8#..#≈≈...##
.##.##.###.≈≈####.....####≈≈.#.##
...........≈≈≈≈≈≈≈≈~≈≈≈≈≈≈≈≈.#...


You could see glosham's ghost, 5 gnolls and a friendly hellwing (summoned).

Vanquished Creatures
  4 lemures (D:4)
  An orc priest (D:4)
  An iguana (D:3)
  An orc wizard (D:4)
  3 adders
  2 worms
  2 dart slugs
  13 orcs
  5 bats
  15 endoplasms
  4 giant cockroaches
  11 goblins
  6 hobgoblins
  3 jackals (D:2)
  9 kobolds
  3 quokkas
  7 ball pythons
  2 frilled lizards (D:2)
  4 rats
96 creatures vanquished.

Vanquished Creatures (collateral kills)
  Pikel (D:4)
  An ogre (D:5)
  A jelly (D:4)
  A gnoll (D:4)
  A white imp (D:4)
  An endoplasm (D:1)
  A hobgoblin (D:1)
  A quokka (D:1)
  A ball python (D:1)
9 creatures vanquished.

Vanquished Creatures (others)
  6 plants (D:4)
6 creatures vanquished.

Grand Total: 111 creatures vanquished

Notes
Turn   | Place    | Note
-------+----------+-------------------------------------------
     0 | D:1      | Raikaria the Demonspawn Enchanter began the quest for the
                  | Orb.
     0 | D:1      | Reached XP level 1. HP: 13/13 MP: 3/3
    13 | D:1      | Reached skill level 1 in Short Blades
   418 | D:1      | Reached skill level 1 in Fighting
   422 | D:1      | Gained mutation: A weak demonic guardian rushes to your
                  | aid. [demonic ancestry]
   422 | D:1      | Reached XP level 2. HP: 17/21 MP: 5/5
  1081 | D:1      | Found a faded altar of an unknown god.
  1093 | D:1      | Reached XP level 3. HP: 23/27 MP: 6/6
  2021 | D:2      | Gained mutation: A demonic guardian rushes to your aid.
                  | [demonic ancestry]
  2021 | D:2      | Reached XP level 4. HP: 31/34 MP: 7/7
  2025 | D:2      | Learned a level 3 spell: Dazzling Flash
  2464 | D:3      | Identified the +2 tower shield of Anaesthesia {Str+3}
  2539 | D:4      | Noticed a lemure
  2542 | D:4      | Noticed a lemure
  2554 | D:4      | Killed a lemure
  2562 | D:4      | Killed a lemure
  2572 | D:4      | Noticed a lemure
  3269 | D:3      | Reached skill level 1 in Conjurations
  3679 | D:4      | Found a transporter.
  3679 | D:4      | Found a transporter.
  3710 | D:4      | Found a broken altar of Ashenzari.
  3791 | D:5      | Entered Level 5 of the Dungeon
  3791 | D:5      | Noticed an ogre
  3796 | D:5      | Killed an ogre
  3797 | D:5      | Reached skill level 1 in Shields
  3797 | D:5      | Reached XP level 5. HP: 21/39 MP: 8/8
  4058 | D:4      | Gained mutation: You have an unusually large brain. (Int
                  | +2) [demonic ancestry]
  4058 | D:4      | Reached XP level 6. HP: 25/46 MP: 10/10
  4074 | D:4      | Found a radiant altar of Vehumet.
  4357 | D:4      | Found a burning altar of Makhleb.
  4604 | D:4      | Noticed Pikel
  4611 | D:4      | Killed Pikel
  4612 | D:4      | Reached skill level 4 in Hexes
  4612 | D:4      | Gained mutation: You have a pair of small horns on your
                  | head. [demonic ancestry]
  4612 | D:4      | Reached XP level 7. HP: 43/51 MP: 10/13
  4674 | D:4      | Noticed glosham's ghost (weakling PaHW)
  4695 | D:4      | Reached skill level 5 in Hexes
  5444 | D:4      | Slain by a gnoll

Illustrated notes

Levels and vault maps discovered:
D:1:      scummos_arrival_checkerplants, layout_loops_ring,
          hellmonk_ecumenical_altar_lost_god, minmay_pentomino_z2
D:2:      layout_basic, nrook_campfire
D:3:      layout_loops_ring, tso_metal_star, kennysheep_generic_room_5
D:4:      layout_loops_ring, lemuel_tele_altar, kennysheep_mini_moat,
          lemuel_crystal_altar, gammafunk_ghost_gnarly_gnolls, uniq_pikel
D:5:      layout_loops_ring, temple_fountains, uniq_crazy_yiuf_cottage

Skill      XL: |  1  2  3  4  5  6  7 |
---------------+----------------------+-----
Short Blades   | 1 2 |  2.5
Fighting       | 1 2 |  2.7
Conjurations   | 1 3 |  3.9
Shields        | 1 |  1.7
Spellcasting   | 4 |  4.2
Hexes          | 4 5 |  5.0
Dodging        | |  1.7
Stealth        | |  2.6

Action                   |  1- 3 |  4- 6 |  7- 9 || total
-------------------------+-------+-------+-------++-------
Melee: Dagger            |   128 |   181 |    32 ||   341
       Punch             |     1 |     1 |       ||     2
       Headbutt          |       |       |     5 ||     5
 Stab: Sleeping          |    10 |     5 |       ||    15
       Distracted        |     2 |     1 |       ||     3
Armor: Robe              |    21 |    19 |     4 ||    44
Dodge: Dodged            |    70 |    67 |    27 ||   164
Block: Tower shield      |       |    81 |       ||    81
